 Dungeon Crawl Stone Soup version 0.28-a0-1510-gd0f6b136d3 (webtiles) character file.

Game seed: 8019067427470754005

30 oldriver the Skirmisher (level 3, 0/30 HPs)
             Began as a Formicid Chaos Knight on Jan 14, 2022.
             Was a Plaything of Xom.
             Slain by a hobgoblin (6 damage)
             ... led by Robin
             ... on level 2 of the Dungeon.
             The game lasted 00:00:57 (1309 turns).

oldriver the Skirmisher (Formicid Chaos Knight)     Turns: 1309, Time: 00:00:58

Health: 0/30       AC:  5    Str: 18    XL:     3   Next: 37%
Magic:  3/3        EV: 11    Int: 11    God:    Xom [*.....]
Gold:   105        SH:  0    Dex: 10    Spells: 2/2 levels left

rFire   . . .      SeeInvis +   a - +0 hand axe (chaos)
rCold   . . .      Faith    .   (no shield)
rNeg    . . .      Spirit   .   b - +2 leather armour
rPois   .          Reflect  .   (helmet unavailable)
rElec   .          Harm     .   (no cloak)
rCorr   .          Rampage  .   (no gloves)
Will    .....                   (no boots)
Stlth   +.........              (no amulet)
HPRegen 0.10/turn               (no ring)
MPRegen 0.08/turn               (no ring)

@: brilliant
A: permanent stasis, dig shafts and tunnels, antennae 3, four strong arms
a: Dig, Shaft Self, Renounce Religion


You were on level 2 of the Dungeon.
You worshipped Xom.
You were a special plaything of Xom.
You visited 1 branch of the dungeon, and saw 2 of its levels.

You collected 105 gold pieces.

Inventory:

Hand Weapons
 a - a +0 hand axe of chaos (weapon)
Armour
 b - a +2 leather armour (worn)
Scrolls
 f - a scroll of summoning {unknown}
 g - a scroll of teleportation {unknown}
Potions
 c - a potion of brilliance
 d - 2 potions of heal wounds {unknown}
 e - a potion of haste {unknown}


   Skills:
 + Level 3.7 Fighting
 + Level 3.4 Axes
 + Level 2.8 Armour
 - Level 1.0 Dodging


You had 2 spell levels left.
You didn't know any spells.
Your spell library contained the following spells:

 Spells                   Type           Power      Damage    Failure   Level
 Fireball                 Conj/Fire      0%         3d3       100%        5
 Starburst                Conj/Fire      0%         6d3       100%        6
 Ignition                 Fire           0%         3d3       100%        8


Dungeon Overview and Level Annotations

Branches:
Dungeon (2/15)

Altars:

Annotations:
D:2 Robin


Innate Abilities, Weirdness & Mutations

You cannot be hasted, slowed, berserked, paralysed or teleported.
You can dig through walls and to a lower floor.
You have a pair of large antennae on your head. (SInv)
Your four strong arms can wield two-handed weapons with a shield.


Message History

There is a stone staircase leading down here.
Robin, 2 goblins and a hobgoblin come into view.
Robin shouts!
The goblin shouts! x2; You hear a shout!
The goblin unwields a +0 club.
The goblin wields a +0 hunting sling.
The goblin shoots a stone.
The stone hits you.
There are monsters nearby!
There are monsters nearby!
There are monsters nearby!
A goblin and a hobgoblin come into view.
The hobgoblin shouts!
You hear a shout!
Robin throws the goblin at you! The goblin hits you with a +0 club.
The goblin unwields a +0 hunting sling.
The goblin wields a +0 club.
The goblin completely misses you.
You closely miss the goblin. You hit the goblin but do no damage.
The goblin is poisoned.
A goblin comes into view. It is wielding a +0 dagger.
Robin roars a battlecry!
The goblins go into a battle-frenzy!
The goblin hits you with a +0 club. x2
You hit the goblin.
You kill the goblin!
You hit the goblin but do no damage.
You kill the goblin!
Robin throws the goblin at you! The goblin hits you with a +0 dagger.
A goblin comes into view. It is wielding a +0 club.
The goblin hits you with a +0 dagger.
You are too injured to fight recklessly!
You are too injured to fight recklessly!
You are too injured to fight recklessly!
You are too injured to fight recklessly!
You are too injured to fight recklessly!
You barely miss the goblin. You closely miss the hobgoblin.
The hobgoblin hits you.
* * * LOW HITPOINT WARNING * * *
The goblin hits you but does no damage.
It was a potion of brilliance.
You feel clever all of a sudden. The hobgoblin hits you.
You die...
Xom snickers!

#†# #........#.#.#
# #.#
#........#.#.# #
#.# #........#.#.#
# #.#
#.#.....##.#.#
######
#.####.#........#.#
#.....
#.##.........####.#
#.....
#.##.#.......#....#
#.....
#.##.#########.####
#.....
#.##.#gg.ggg@g.#
#.....
##.##.#.#######.#
#..... #.....# ###
#..... #######
#..... ###### #


You could see Robin, 2 hobgoblins and 3 goblins.

Vanquished Creatures
  3 bats (D:1)
  4 endoplasms
  2 giant cockroaches (D:1)
  4 goblins
  3 hobgoblins
  A quokka (D:1)
  2 ball pythons
  2 kobolds (D:1)
  5 rats (D:1)
26 creatures vanquished.

Notes
Turn   | Place    | Note
-------+----------+-------------------------------------------
     0 | D:1      | oldriver the Formicid Chaos Knight began the quest for the
                  | Orb.
     0 | D:1      | Reached XP level 1. HP: 18/18 MP: 1/1
   100 | D:1      | Reached skill level 1 in Dodging
   216 | D:1      | XOM: divination: detect creatures
   237 | D:1      | Reached XP level 2. HP: 23/24 MP: 2/2
   335 | D:1      | Found a faded altar of an unknown god.
   437 | D:1      | XOM: divination: magic mapping
   889 | D:1      | Reached XP level 3. HP: 29/29 MP: 3/3
  1303 | D:2      | Noticed Robin
  1309 | D:2      | Slain by a hobgoblin

Illustrated notes

Levels and vault maps discovered:
D:1:      amcnicky_arrival_underground_garden, layout_loops_ring,
          hellmonk_ecumenical_altar_zigzags
D:2:      layout_basic, uniq_robin

Skill      XL: |  1 |
---------------+----+-----
Dodging        | 1 |  1.0
Fighting       | |  3.7
Axes           | |  3.4
Armour         | |  2.8

Action                   || total
-------------------------++-------
Melee: Hand axe          ||    66
  Use: Potion            ||     1
Armor: Leather armour    ||    19
Dodge: Dodged            ||    40

Table legend: (Time is in decaauts)
 A = Elapsed time spent in this place.
 B = Non-inter-level travel time spent in this place.
 C = Inter-level travel time spent in this place.
 D = Time resting spent in this place.
 E = Time spent auto-exploring this place.
 F = Levels seen in this place.
 G = Mean time per level.
                   A        B        C        D        E       F      G
               +--------+--------+--------+--------+--------+-----+--------+
         Total |   1317 |   1300 |     17 |      0 |   1109 |   2 |  658.5 |
       Dungeon |   1317 |   1300 |     17 |      0 |   1109 |   2 |  658.5 |
               +--------+--------+--------+--------+--------+-----+--------+

Top non-repeatable levels by time:
     D:1: 1020 daAuts
     D:2: 297 daAuts
